 Dungeon Crawl Stone Soup version 0.25-a0-592-g443c2f7 (webtiles) character file.

Game seed: 17115772902431594986, levelgen mode: deterministic

193 Scoots the Shield-Bearer (level 6, 0/72 HPs)
             Began as a Formicid Fighter on Mar 14, 2020.
             Was an Initiate of Makhleb.
             Slain by Grinder (3 damage)
             ... on level 3 of the Dungeon.
             The game lasted 00:12:17 (2533 turns).

Scoots the Shield-Bearer (Formicid Fighter)         Turns: 2533, Time: 00:12:17

Health: 0/72       AC: 23    Str: 23    XL:     6   Next: 2%
Magic:  6/6        EV:  2    Int:  7    God:    Makhleb [......]
Gold:   91         SH: 11    Dex: 10    Spells: 5/5 levels left

rFire    . . .     SeeInvis .   a - +0 long sword
rCold    . . .     Gourm    .   c - +1 kite shield
rNeg     + + +     Faith    .   (armour currently unavailable)
rPois    +         Spirit   .   (helmet unavailable)
rElec    .         Reflect  .   (cloak currently unavailable)
rCorr    .         Harm     .   (gloves currently unavailable)
MR       .....                  (boots currently unavailable)
Stlth    +.........             (no amulet)
HPRegen  0.22/turn              (no ring)
MPRegen  0.10/turn              (no ring)

@: tree-form
A: permanent stasis, dig shafts and tunnels, four strong arms
a: Renounce Religion


You were on level 3 of the Dungeon.
You worshipped Makhleb.
Makhleb was noncommittal.
You were not hungry.
You were a tree.
You visited 1 branch of the dungeon, and saw 3 of its levels.

You collected 91 gold pieces.

Inventory:

Hand Weapons
 a - a +0 long sword (weapon)
Armour
 b - a +0 scale mail (melded)
 c - a +1 kite shield (worn)
 h - a +0 pair of gloves (melded)
Scrolls
 g - a scroll of amnesia
 i - a scroll of immolation
 k - 3 scrolls of remove curse
 l - a scroll of magic mapping
 m - 2 scrolls of identify
Potions
 d - 2 potions of might
Comestibles
 f - 7 rations
 j - 4 chunks of flesh


   Skills:
 + Level 4.0 Fighting
 + Level 3.3 Long Blades
 + Level 4.1 Armour
 + Level 1.1 Dodging
 + Level 0.3 Stealth
 + Level 5.1 Shields


You had 5 spell levels left.
You didn't know any spells.
Your spell library was empty.

Dungeon Overview and Level Annotations

Branches:
Dungeon (3/15)

Altars:
Makhleb
Wu Jian

Annotations:
D:3 Grinder, Sigmund


Innate Abilities, Weirdness & Mutations

You cannot be hasted, slowed, berserked, paralysed or teleported.
You can dig through walls and to a lower floor.
Your four strong arms can wield two-handed weapons with a shield.
((You have a pair of large antennae on your head. (SInv)))


Message History

You closely miss Grinder.
Grinder is heavily wounded.
Grinder gestures at you. Pain shoots through your body!
* * * LOW HITPOINT WARNING * * *
Okay, then.
Okay, then.
It was a potion of lignification.
You turn into a tree.
Your +0 pair of gloves melds into your body.
Your +0 scale mail melds into your body.
Your roots penetrate the ground.
Grinder hits you but does no damage. Grinder gestures at you.
Your stasis prevents you from being paralysed.
Grinder gestures at you. You resist with some effort.
Grinder hits you but does no damage. Grinder hits you but does no damage.
Grinder hits you but does no damage. Grinder hits you.
You die...

#......###
#..........#
#........#
##...#######
###........# #...#
...........####...#
......÷...........####
.....................#
...###...............#
...# #.........5.....#
...# ##>........♣....#
...# ######.........#
...# #.........# ...#
########### <..# ...#
...# )..# ####


You could see Grinder.

Vanquished Creatures
  3 gnolls (D:2)
  7 adders
  2 oozes
  2 worms (D:2)
  6 dart slugs
  A leopard gecko (D:1)
  13 bats
  2 giant cockroaches
  9 goblins
  5 hobgoblins
  2 jackals (D:1)
  6 kobolds
  4 quokkas
  5 frilled lizards
  12 rats
79 creatures vanquished.

Vanquished Creatures (others)
  A bat (D:1)
1 creature vanquished.

Grand Total: 80 creatures vanquished

Notes
Turn   | Place    | Note
-------+----------+-------------------------------------------
     0 | D:1      | Scoots the Formicid Fighter began the quest for the Orb.
     0 | D:1      | Reached XP level 1. HP: 18/18 MP: 1/1
   148 | D:1      | Reached XP level 2. HP: 21/24 MP: 2/2
   270 | D:1      | Reached skill level 4 in Shields
   289 | D:1      | Reached XP level 3. HP: 18/29 MP: 3/3
   877 | D:2      | Reached XP level 4. HP: 23/37 MP: 4/4
  1175 | D:2      | Reached XP level 5. HP: 42/42 MP: 5/5
  1216 | D:2      | Found an ornate altar of the Wu Jian Council.
  1265 | D:2      | Reached skill level 1 in Dodging
  1412 | D:2      | Found a burning altar of Makhleb.
  1482 | D:2      | Became a worshipper of Makhleb the Destroyer
  1863 | D:3      | Noticed Grinder
  1865 | D:3      | Noticed Sigmund
  1913 | D:3      | HP: 2/42 [Grinder/nerve-wracking pain (8)]
  2312 | D:3      | Reached skill level 5 in Shields
  2365 | D:3      | Reached XP level 6. HP: 48/48 MP: 6/6
  2526 | D:3      | HP: 1/48 [Grinder/nerve-wracking pain (12)]
  2533 | D:3      | Slain by Grinder

Levels and vault maps discovered:
D:1:      kilobyte_arrival_exit_the_forest, layout_basic, minmay_unequal
D:2:      layout_basic, nicolae_overflow_hidden_temple, lemuel_doored_altar,
          first_ration, chequers_serial_rivers_micro_b
D:3:      layout_basic, kennysheep_cluttered_room, uniq_sigmund, uniq_grinder

Skill      XL: |  1  2  3  4  5  6 |
---------------+-------------------+-----
Shields        | 4 5 |  5.1
Armour         | 4 |  4.1
Long Blades    | 3 |  3.3
Dodging        | 1 |  1.1
Fighting       | 4 |  4.0
Stealth        | |  0.3

Action                   |  1- 3 |  4- 6 || total
-------------------------+-------+-------++-------
Melee: Long sword        |   114 |   163 ||   277
 Abil: Dig               |       |    11 ||    11
  Use: Potion            |     1 |     2 ||     3
       Scroll            |       |     6 ||     6
  Eat: Chunk             |       |     6 ||     6
       Ration            |       |     1 ||     1
Armor: Scale mail        |    93 |    85 ||   178
       Skin              |       |     4 ||     4
Dodge: Dodged            |    51 |    62 ||   113
Block: Kite shield       |   116 |   104 ||   220
       Rpst.: Long sword |    14 |    20 ||    34

Table legend:
 A = Non-vault XP
 B = Vault XP
 C = Vault XP percentage of total XP
 D = Non-vault monster count
 E = Vault monster count
 F = Vault count percentage of total count
                 A         B        C        D         E       F
            +---------+---------+-------+---------+---------+-------
      Total |     270 |       6 |   2.2 |      75 |       4 |   5.1
            +---------+---------+-------+---------+---------+-------
        D:1 |      47 |       6 |  11.3 |      26 |       4 |  13.3
        D:2 |     178 |       0 |   0.0 |      32 |       0 |   0.0
        D:3 |      45 |       0 |   0.0 |      17 |       0 |   0.0
            +---------+---------+-------+---------+---------+-------
